[Event "Swedish U16 Team Championship 2019 - Final"]
[Site "Molnlycke Kulturhus, Biblioteksgatan 2, Molnlycke, Sweden"]
[Date "2019.08.17"]
[Round "4.1"]
[White "Rasti, Arvin"]
[Black "Sorensen, Hampus"]
[Result "1/2-1/2"]
[TimeControl "90 minutes + 30 seconds per move from move one."]
[BlackTitle "FM"]
[WhiteElo "2116"]
[BlackElo "2356"]

1. d4 d5 2. c4 c6 3. cxd5 cxd5 4. Bf4 Nc6 5. e3 Nf6 6. Nc3 a6 7. Rc1 Bg4 8. Be2 Bxe2 9. Ngxe2 e6 10.
O-O Be7 11. Na4 Nd7 12. Qb3 Na5 13. Qc3 Nc4 14. Qd3 O-O 15. b3 Nd6 16. Rc2 Rc8 17. Rfc1 Rxc2 18. Rxc2 Qa5 19. Qc3 Qxc3 20.
Rxc3 Nb5 21. Rc2 Ra8 22. Nb2 Bd8 23. Rc1 Kf8 24. a4 Na7 25. Kf1 Rc8 26. Rxc8 Nxc8 27. Ke1 Ke7 28. f3 Na7 29.
Nd3 Nc6 30. Kd2 Ba5+ 31. Kc2 f6 32. e4 dxe4 33. fxe4 e5 34. d5 Nb4+ 35. Nxb4 Bxb4 36. Be3 Bc5 37. Bd2 g6 38. b4 Bf2 39.
g4 Nb6 40. Kb3 Kd7 41. a5 Nc8 42. Nc3 Nd6 43. Kc2 Bd4 44. Kd3 Bxc3 45. Bxc3 Nf7 46. Bd2 h5 47. h3 hxg4 48. hxg4 g5 49.
Ke2 Nh6 50. Kf3 Nf7 51. Be3 Nd6 1/2-1/2

[Event "Swedish U16 Team Championship 2019 - Final"]
[Site "Molnlycke Kulturhus, Biblioteksgatan 2, Molnlycke, Sweden"]
[Date "2019.08.17"]
[Round "4.2"]
[White "Trost, Edvin"]
[Black "Lindholm, Gustav"]
[Result "0-1"]
[TimeControl "90 minutes + 30 seconds per move from move one."]
[WhiteElo "1951"]
[BlackElo "2006"]

1. e4 d5 2. exd5 Qxd5 3. Nc3 Qd6 4. d4 Nf6 5. Nf3 c6 6. Ne5 Nbd7 7. Nc4 Qc7 8. Qf3 Nb6 9. Bf4 Qd7 10.
Be5 Qg4 11. Qe3 Nxc4 12. Bxc4 Qxg2 13. O-O-O Ng4 14. Qf4 f6 15. Rhg1 Qh3 16. f3 g5 17. Qd2 Qxf3 18. Be2 Qe3 19.
Bxg4 Qxd2+ 20. Rxd2 Bxg4 21. Rxg4 fxe5 22. dxe5 Bg7 23. e6 Rd8 24. Ne4 Rxd2 25. Nxd2 h6 26. c3 O-O 27. Rg2 Be5 28.
Kc2 Kh7 29. Nc4 Bc7 30. Kd3 Rf3+ 31. Ke4 Rf4+ 32. Kd3 Rh4 33. Rf2 Bf4 34. Na5 Rxh2 35. Rxh2 Bxh2 36. Nxb7 Bc7 37. Nc5 Kg6 38.
Ke4 Kf6 39. b4 Bb6 40. Nd7+ Kxe6 41. Nb8 c5 42. b5 h5 43.
Nc6 h4 44. a4 h3 45. Kf3 g4+ 46. Kg3 c4 47. a5 Bc5 48. a6 Bd6+ 49. Kf2 g3+ 50. Kf1 g2+ 51. Kg1 Bc5+ 52. Nd4+ Kd7 53.
Kh2 Bxd4 54. cxd4 Kc7 55. d5 c3 56. d6+ exd6 57. b6+ Kxb6 58. Kg3 g1=Q+ 59. Kf4 Qe1 60. Kf5 h2 61. Kf4 h1=R 62.
Kg4 0-1

[Event "Swedish U16 Team Championship 2019 - Final"]
[Site "Molnlycke Kulturhus, Biblioteksgatan 2, Molnlycke, Sweden"]
[Date "2019.08.17"]
[Round "4.3"]
[White "Strom-Engdahl, Alexander"]
[Black "Svetic, Matija"]
[Result "1/2-1/2"]
[TimeControl "90 minutes + 30 seconds per move from move one."]
[WhiteElo "1858"]
[BlackElo "1775"]

1. c4 c5 2. Nc3 Nc6 3. g3 e5 4. Bg2 g6 5. d3 Bg7 6. e3 Nge7 7. Nge2 d6 8. Rb1 a5 9. a3 Be6 10.
Nd5 Rb8 11. Nec3 O-O 12. Bd2 f5 13. O-O Bf7 14. b4 axb4 15. axb4 b6 16. b5 Nxd5 17. Nxd5 Ne7 18. Nxe7+ Qxe7 19.
Qb3 Rfd8 20. Bc3 f4 21. exf4 exf4 22. Rfe1 Qg5 23. Bxg7 Kxg7 24. Qc3+ Qf6 25. Qxf6+ Kxf6 26. Re4 fxg3 27.
fxg3 Re8 28. Rf1+ Kg7 29. Ref4 Re7 30. Rf6 Rd8 31. g4 1/2-1/2

[Event "Swedish U16 Team Championship 2019 - Final"]
[Site "Molnlycke Kulturhus, Biblioteksgatan 2, Molnlycke, Sweden"]
[Date "2019.08.17"]
[Round "4.4"]
[White "Wikman, Viktor 2006"]
[Black "Lindholm, Marcus"]
[Result "1-0"]
[TimeControl "90 minutes + 30 seconds per move from move one."]
[WhiteElo "1662"]
[BlackElo "1412"]

1. e4 e5 2. Nf3 Nc6 3. Bc4 Nf6 4. d3 h6 5. O-O Bc5 6. c3 O-O 7. d4 exd4 8. cxd4 Bb6 9. Nc3 d6 10.
h3 Re8 11. Re1 Ba5 12. Qc2 b6 13. Bd2 Bb7 14. e5 dxe5 15. dxe5 Nd7 16. e6 fxe6 17. Bxe6+ Kh8 18. a3 Bxc3 19.
Bxc3 Nc5 20. Qg6 Re7 21.
Qxh6# 1-0

[Event "Swedish U16 Team Championship 2019 - Final"]
[Site "Molnlycke Kulturhus, Biblioteksgatan 2, Molnlycke, Sweden"]
[Date "2019.08.17"]
[Round "4.5"]
[White "Hjernestam, John"]
[Black "Backlund, Elias"]
[Result "0-1"]
[TimeControl "90 minutes + 30 seconds per move from move one."]
[WhiteElo "1376"]
[BlackElo "1603"]

1. d4 Nf6 2. Bf4 e6 3. e3 d5 4. c3 Bd6 5. Bg3 O-O 6. Nf3 c5 7. Nbd2 Nc6 8. Bd3 b6 9. e4 dxe4 10.
Nxe4 Nxe4 11. Bxe4 Bb7 12. dxc5 Bxc5 13. O-O f5 14. Bc2 Qf6 15. Bb3 Rae8 16. Bh4 Qg6 17. Re1 Kh8 18. Qd3 e5 19.
Qd7 Na5 20. Bd1 e4 21. Ng5 Bc6 22. Qd2 h6 23. Nh3 e3 24. Nf4 Qxg2+ 25. Nxg2 exd2 26. Rf1 g5 27. b4 gxh4 28. bxc5 h3 29.
Nf4 Rg8+ 30. Ng2 Rxg2+ 31. Kh1 Rxf2+ 32. Kg1 Rg2+ 33. Kh1 Rg3+ 0-1

[Event "Swedish U16 Team Championship 2019 - Final"]
[Site "Molnlycke Kulturhus, Biblioteksgatan 2, Molnlycke, Sweden"]
[Date "2019.08.17"]
[Round "4.6"]
[White "Sandberg, Simon"]
[Black "Storme, Joel"]
[Result "0-1"]
[TimeControl "90 minutes + 30 seconds per move from move one."]
[WhiteElo "1375"]
[BlackElo "1371"]

1. e4 d5 2. exd5 Qxd5 3. Nc3 Qa5 4.
Nf3 Nf6 5. Bc4 Bg4 6. h3 Bh5 7. d3 c6 8. Bf4 e6 9. O-O Bb4 10. Bd2 Qc7 11. Nb5 Qb6 12. Bxb4 cxb5 13. Bb3 a5 14.
Bd2 a4 15. Be3 Qc7 16. Bxe6 fxe6 17. Re1 O-O 18. Bg5 Ra6 19. Qe2 Nbd7 20. g4 Nxg4 21. Qf1 Nxf2 22. Qxf2 Rxf3 23. Qh2 Qc5+ 24.
Be3 Rxe3 25. Qf2 Rg3+ 26. Kf1 Rf3 27. Qxf3 Bxf3 0-1

[Event "Swedish U16 Team Championship 2019 - Final"]
[Site "Molnlycke Kulturhus, Biblioteksgatan 2, Molnlycke, Sweden"]
[Date "2019.08.17"]
[Round "4.7"]
[White "Rasmusson, Max"]
[Black "Ytterberg, Felix"]
[Result "1/2-1/2"]
[TimeControl "90 minutes + 30 seconds per move from move one."]
[WhiteElo "1624"]
[BlackElo "2033"]

1. g3 Nf6 2. c4 g6 3. Nc3 Bg7 4. d3 O-O 5. Bg2 c6 6. Nf3 d5 7. cxd5 cxd5 8. O-O Nc6 9. e4 d4 10.
Ne2 e5 11. a3 a5 12. Nd2 Be6 13. h3 Nd7 14. f4 f6 15. Nf3 a4 16. fxe5 fxe5 17. Bg5 Qb6 18. Qd2 Nc5 19. Rab1 Nb3 20.
Qd1 h6 21. Bc1 Nca5 22. Bd2 Nc5 23. Bb4 Nab3 24. Nc1 Rf7 25. Nxb3 Nxb3 26. Nd2 Rxf1+ 27. Bxf1 Bf8 28. Bxf8 Rxf8 29. Nxb3 Bxb3 30. Qd2 Kg7 31.
Rc1 Rf7 32. h4 Qf6 33. Bg2 Qd6 34. Qa5 b6 35. Qd2 Be6 36. Rc2 Bg4 37. Qc1 Qf6 38. Rc7 Qf2+ 39. Kh2 h5 40. Qc4 Be2 41.
Rxf7+ Qxf7 42. Qc2 Bf1 43. Bxf1 Qxf1 44. Qc7+ Kg8 45. Qxe5 Qf2+ 46. Kh1 Qe1+ 47. Kh2 Qe2+ 48. Kh1 Qd1+ 49.
Kh2 Qc2+ 50. Kh1 Qc1+ 51. Kh2 Qxb2+ 52. Kh3 Qxa3 53. Qe6+ Kg7 54. Qe5+ Kf7 55. Qd5+ Ke7 56. Qb7+ Ke8 57.
Qc6+ Kf7 58. Qd5+ Kf8 59. Qd8+ Kf7 60. Qd5+ Ke7 61. Qb7+ Ke6 62. Qd5+ Ke7 63. Qb7+ Kd8 64. Qxb6+ Kc8 65.
Qc6+ Kb8 66. Qb6+ Kc8 67. Qc6+ Kd8 68. Qb6+ Ke7 69. e5 Qxd3 70. Qd6+ Ke8 71. Qc6+ Kd8 72. e6 Qf1+ 73. Kh2 Qf2+ 74.
Kh3 Qf1+ 75. Kh2 Qe2+ 76. Kh3 Qg4+ 77. Kh2 Qe2+ 1/2-1/2

[Event "Swedish U16 Team Championship 2019 - Final"]
[Site "Molnlycke Kulturhus, Biblioteksgatan 2, Molnlycke, Sweden"]
[Date "2019.08.17"]
[Round "4.8"]
[White "Ivarsson, Sebastian"]
[Black "Holmquist, Oliver 2006"]
[Result "1-0"]
[TimeControl "90 minutes + 30 seconds per move from move one."]
[WhiteElo "2001"]
[BlackElo "1137"]

1. d4 d5 2. c4 dxc4 3. Nf3 Bf5 4. e3 Nf6 5. Bxc4 e6 6. O-O Bd6 7. Nc3 a6 8. Qe2 Bg4 9. h3 Bh5 10.
e4 Bb4 11. Rd1 Nbd7 12. e5 Nd5 13. Nxd5 exd5 14. Bxd5 c6 15. Bb3 O-O 16. d5 Qc7 17. Bf4 Rfe8 18. g4 Bg6 19. Qc4 Qb6 20.
dxc6 Nf8 21. Nh4 Ne6 22. Nxg6 hxg6 23. Be3 Qb5 24. Qxb5 axb5 25. cxb7 Rab8 26. Rd7 Re7 27. Bxe6 fxe6 28. Rad1 Kf7 29. Bg5 Rxd7 30. Rxd7+ Kg8 31.
Rd8+ Rxd8 32. Bxd8 1-0

[Event "Swedish U16 Team Championship 2019 - Final"]
[Site "Molnlycke Kulturhus, Biblioteksgatan 2, Molnlycke, Sweden"]
[Date "2019.08.17"]
[Round "4.9"]
[White "Nordin, Marcus 2007"]
[Black "Dingertz, Erik"]
[Result "0-1"]
[TimeControl "90 minutes + 30 seconds per move from move one."]
[WhiteElo "1162"]
[BlackElo "1888"]

1. e4 e5 2. Nf3 Nc6 3. Bc4 Bc5 4. O-O Nf6 5. Nc3 O-O 6. d3 h6 7. Be3 Bb6 8. Nd5 d6 9. h3 Nxd5 10.
Bxd5 Ne7 11. Bb3 Ng6 12. c3 Qe7 13. Bc4 Kh8 14. b4 f5 15. a4 c6 16. Nd2 Bc7 17. f3 f4 18. Bf2 Qg5 19.
Kh1 Bd7 20. Rg1 Qh5 21. Qf1 Rae8 22. a5 a6 23. Kh2 Bd8 24. Re1 Nh4 25. Bxh4 Bxh4 26. Re2 Bg3+ 27. Kh1 g5 28. Bb3 Qh4 29. Bc4 h5 30. Bb3 Re7 31. Bc4 Rh7 32. d4 g4 33. fxg4 hxg4 34.
dxe5 dxe5 35. Bd3 gxh3 36. Nc4 hxg2+ 37. Kxg2 Qh3+ 38. Kf3 Bg4# 0-1

[Event "Swedish U16 Team Championship 2019 - Final"]
[Site "Molnlycke Kulturhus, Biblioteksgatan 2, Molnlycke, Sweden"]
[Date "2019.08.17"]
[Round "4.10"]
[White "Ljung, Harald"]
[Black "Johansson, Sigge"]
[Result "1-0"]
[TimeControl "90 minutes + 30 seconds per move from move one."]
[WhiteElo "1811"]
[BlackElo "1123"]

1. d4 d6 2. c4 Nf6 3. Nc3 Bf5 4. Nf3 Nbd7 5. g3 g6 6. Bg2 Rc8 7. Nh4 c6 8. Nxf5 gxf5 9. O-O e6 10.
Re1 d5 11. cxd5 cxd5 12. Bf4 Nh5 13. Bd2 Bd6 14. e4 Ndf6 15. e5 Bc7 16. Bg5 Kd7 17. Qa4+ Ke7 18. exf6+ Nxf6 19. Nxd5+ Kf8 20.
Bxf6 Qd6 21. Be7+ 1-0

[Event "Swedish U16 Team Championship 2019 - Final"]
[Site "Molnlycke Kulturhus, Biblioteksgatan 2, Molnlycke, Sweden"]
[Date "2019.08.17"]
[Round "4.11"]
[White "Lyngsjo, Luke"]
[Black "Nord, Gabriel"]
[Result "0-1"]
[TimeControl "90 minutes + 30 seconds per move from move one."]
[WhiteElo "1107"]
[BlackElo "1762"]

1. e4 e5 2. Nf3 Nc6 3. Bc4 Bc5 4. O-O Nf6 5. d3 d6 6. h3 Be6 7. Bb3 h6 8. Be3 Bb6 9. Nc3 Qd7 10.
d4 exd4 11. Bxe6 fxe6 12. Nxd4 O-O-O 13. Nxc6 Qxc6 14. Bxb6 Qxb6 15. b3 Rdf8 16. Qe2 e5 17. Rad1 Rf7 18. Nd5 Nxd5 19. exd5 Rhf8 20.
c4 Rf4 21. Qe3 Qa5 22. Rd2 b6 23. Rc1 Kb8 24. Rcc2 Qa6 25. Rb2 Qc8 26. f3 Qf5 27. Rf2 h5 28. Kh2 h4 29. Kg1 Rf6 30.
Rbe2 Rg6 31. Kh2 Rg3 32.
Qc1 Qf6 33. Qe1 Kb7 34. Re4 Rf5 35. Qe3 Rg6 36. Rg4 Rxg4 37. hxg4 Rf4 38. Kh3 g5 39. Qc3 Rd4 40. Rd2 Qf4 41.
Rxd4 Qg3# 0-1

[Event "Swedish U16 Team Championship 2019 - Final"]
[Site "Molnlycke Kulturhus, Biblioteksgatan 2, Molnlycke, Sweden"]
[Date "2019.08.17"]
[Round "4.13"]
[White "Soderstrom, Adrian"]
[Black "Kucuksari, Kaan"]
[Result "1/2-1/2"]
[TimeControl "90 minutes + 30 seconds per move from move one."]
[BlackTitle "FM"]
[WhiteElo "1970"]
[BlackElo "2286"]

1. d4 d5 2. c4 c6 3. cxd5 cxd5 4. Nc3 Nf6 5. f3 Nc6 6. e4 dxe4 7. d5 Ne5 8. fxe4 e6 9. Nf3 Nxf3+ 10. Qxf3 exd5 11. exd5 Bb4 12. Bg5 Qxd5 13. Qxd5 Bxc3+ 14. bxc3 Nxd5 15. O-O-O Be6 16. Bb5+ Kf8 17. Rd3 Rc8 18.
Rhd1 f6 19. Bd7 Rxc3+ 20. Rxc3 Nxc3 21. Rd3 Ne2+ 22. Kd2 fxg5 23. Bxe6 Ke7 24. Bg4 Nf4 25. Rd7+ Kf6 26. g3 h5 27. Bf3 Ne6 28. Rxb7 g4 29.
Bg2 h4 30. Ke3 h3 31. Bd5 Re8 32. Bxe6 g5 33. Rf7+ Kxe6 34. Rxa7 Kf5+ 35. Kf2 Rb8 36. Ra5+ Ke4 37. Ra4+ Kf5 38.
Ra5+ Kf6 39. Ra6+ Ke5 40. Ra5+ Kf6 41. Ra6+ Ke5 42. Ra5+ Ke4 43. Ra4+ Ke5 44. Ra5+ 1/2-1/2

[Event "Swedish U16 Team Championship 2019 - Final"]
[Site "Molnlycke Kulturhus, Biblioteksgatan 2, Molnlycke, Sweden"]
[Date "2019.08.17"]
[Round "4.14"]
[White "Bensryd, Hampus"]
[Black "Falkevall, Axel"]
[Result "1/2-1/2"]
[TimeControl "90 minutes + 30 seconds per move from move one."]
[WhiteElo "1907"]
[BlackElo "2046"]

1. e4 e6 2. d3 d5 3. Nd2 Nf6 4. Ngf3 b6 5. g3 Bb7 6. e5 Nfd7 7. Bg2 c5 8. O-O Nc6 9. Re1 Qc7 10.
Qe2 Be7 11. h4 O-O-O 12. c3 h6 13.
a3 g5 14. hxg5 hxg5 15. Nf1 g4 16. Ng5 Rdf8 17. Qxg4 Ndxe5 18. Qe2 Bd6 19. f4 Nd7 20. Nf3 Re8 21. d4 f6 22. Be3 e5 23. fxe5 fxe5 24. dxe5 Ncxe5 25. Nxe5 Nxe5 26. Bf4 d4 27. Qd2 dxc3 28. bxc3 Bxg2 29. Qxg2 Qb7 30. Qxb7+ Kxb7 31. Kg2 Nd3 32. Rxe8 Nxf4+ 33. gxf4 Rxe8 34. Kf3 Rf8 35. Ke2 Bxf4 36.
Kd3 Re8 37. Kc4 Kc6 38. a4 a6 39.
Kb3 Re2 40. Rd1 b5 41. axb5+ axb5 42. c4 b4 43. Rd3 Be5 44. Nd2 Bc3 45. Nf3 Rb2+ 46. Ka4 Bf6 47. Nd2 Rc2 48.
Kb3 Rc3+ 49. Rxc3 Bxc3 50. Ne4 Bd4 51. Kc2 Kd7 52. Nd2 Ke6 53. Kd3 Kf5 54. Nb3 Bg1 55. Nd2 Kf4 56.
Nb3 Be3 57. Na5 Kf3 58. Kc2 Ke2 59. Kb3 Kd3 60. Nc6 Bd2 61. Na5 Be1 62. Nc6 Ke4 63. Na5 Ke5 64.
Kc2 Kd6 65. Kb3 Kc7 66. Kc2 Kd6 67. Kb3 1/2-1/2

[Event "Swedish U16 Team Championship 2019 - Final"]
[Site "Molnlycke Kulturhus, Biblioteksgatan 2, Molnlycke, Sweden"]
[Date "2019.08.17"]
[Round "4.15"]
[White "Bergqvist, Gustav 2004"]
[Black "Nord, Alexander"]
[Result "1/2-1/2"]
[TimeControl "90 minutes + 30 seconds per move from move one."]
[WhiteElo "1833"]
[BlackElo "1881"]

1. d4 e6 2. e4 d5 3. exd5 exd5 4. Nf3 Bd6 5. Bd3 Nf6 6. O-O O-O 7. Bg5 Bg4 8. Nbd2 Nbd7 9. c3 c6 10.
Qc2 Qc7 11. Rfe1 Rfe8 12. h3 Bh5 13.
Rxe8+ Rxe8 14. Re1 Rxe1+ 15. Nxe1 h6 16. Be3 Nf8 17. Nef3 Bg6 18. Nh4 Bxd3 19. Qxd3 Qd7 20. Qf5 Qxf5 21. Nxf5 Bb8 22.
Nb3 Ne6 23. Na5 Nd8 24. Kf1 Kf8 25. Ke2 b6 26. Nb3 Ng8 27. Kf3 Ne6 28. Nc1 Ne7 29. Nxe7 Kxe7 1/2-1/2

[Event "Swedish U16 Team Championship 2019 - Final"]
[Site "Molnlycke Kulturhus, Biblioteksgatan 2, Molnlycke, Sweden"]
[Date "2019.08.17"]
[Round "4.16"]
[White "Joensson, Oscar"]
[Black "Grahn, Vidar"]
[Result "0-1"]
[TimeControl "90 minutes + 30 seconds per move from move one."]
[WhiteElo "1790"]
[BlackElo "1898"]

1. d4 d5 2. Nf3 Nf6 3. e3 e6 4. Bd3 c5 5. b3 Nc6 6. a3 Bd6 7. O-O O-O 8. Bb2 cxd4 9. exd4 Qc7 10.
h3 b6 11. Nbd2 Bb7 12. c4 Rac8 13. Qe2 Rfe8 14. Ne5 Bxe5 15. dxe5 Nd7 16. Qh5 h6 17. f4 Na5 18. Rac1 Qc5+ 19.
Kh1 Qe3 20. Qe2 Qxe2 21. Bxe2 Ba6 22. Rfe1 dxc4 23. Nxc4 Nxc4 24. Bxc4 Bxc4 25. Rxc4 Rxc4 26. bxc4 Rc8 27. Rd1 Nc5 28.
Rd4 Na4 29. Ba1 Nc5 30. Bb2 Kf8 31. g4 Na4 32. Ba1 b5 33. cxb5 Rc1+ 34. Kg2 Nb6 35. Rd8+ Ke7 36. Rb8 Rxa1 37.
Rb7+ Nd7 38. Rxa7 Rb1 39. a4 Rb4 40. Kf3 f6 41. Ke3 fxe5 42. fxe5 Kd8 43. Kd3 Rxa4 44. Rxa4 Nc5+ 45. Kc4 Nxa4 46.
Kb4 Nb6 47. Ka5 Kc7 48. Ka6 Nc8 49. h4 g6 50. g5 h5 51. Ka5 Kb7 52. Ka4 Kb6 53. Kb4 Ne7 0-1

[Event "Swedish U16 Team Championship 2019 - Final"]
[Site "Molnlycke Kulturhus, Biblioteksgatan 2, Molnlycke, Sweden"]
[Date "2019.08.17"]
[Round "4.17"]
[White "Tran, Alva Ling"]
[Black "Morell, Ludvig"]
[Result "0-1"]
[TimeControl "90 minutes + 30 seconds per move from move one."]
[WhiteElo "1735"]
[BlackElo "1771"]

1. e4 c5 2. Nc3 Nc6 3. f4 g6 4. Nf3 Bg7 5. g3 e6 6. Bg2 Nge7 7. d3 O-O 8. Be3 d6 9. O-O b6 10.
d4 Bb7 11. Qd2 Qc7 12. Nb5 Qb8 13. dxc5 dxc5 14. e5 Rd8 15. Qe2 Ba6 16. Rfd1 Nd5 17. c4 Bxb5 18. cxb5 Nce7 19. Ng5 Qc7 20.
Ne4 Nf5 21. Bf2 Rab8 22. Bh3 Bf8 23. Rd2 Rd7 24. Rad1 Be7 25. Nc3 Nxc3 26. bxc3 Rxd2 27. Rxd2 Rd8 28. c4 Nd4 29. Qd1 Nf3+ 30.
Qxf3 Rxd2 31. a3 Rd8 32. Bf1 Qc8 33. Qb3 Qd7 34. Qa4 f6 35. exf6 Bxf6 36. Kg2 Qb7+ 37. Kg1 Bd4 38. Qc2 Bxf2+ 39. Qxf2 Qe4 40. h3 Qd4 41. Be2 Kf7 42. Qxd4 Rxd4 43. Kf2 Rd2 44. Ke3 Ra2 0-1

[Event "Swedish U16 Team Championship 2019 - Final"]
[Site "Molnlycke Kulturhus, Biblioteksgatan 2, Molnlycke, Sweden"]
[Date "2019.08.17"]
[Round "4.18"]
[White "Johansson, William 2007"]
[Black "Isaksson, Philip"]
[Result "1-0"]
[TimeControl "90 minutes + 30 seconds per move from move one."]
[WhiteElo "1682"]
[BlackElo "1675"]

1. d4 d5 2. Bf4 Nf6 3. e3 e6 4. Nf3 Bd6 5. Bg3 O-O 6. Bd3 c5 7. c3 b6 8. Qe2 Bb7 9. Nbd2 Ne4 10. Bxe4 dxe4 11. Ne5 f6 12. Nec4 Be7 13. a4 f5 14. Ne5 Nc6 15. Ndc4 Nxe5 16. Nxe5 cxd4 17. exd4 f4 18. Qg4 fxg3 19. Qxe6+ Kh8 20. hxg3 Rf6 21. Qxf6 Bxf6 22. Nf7+ Kg8 23. Nxd8 Rxd8 24. a5 b5 25. Ra3 a6 26. Ke2 Re8 27. Rh5 g6 28. Rc5 Be7 29. Re5 Kf7 30. Ra1 1-0